General information
- name: j4s99
- type: Custom game
- host: DkH.Hostbot1
- saver: DkH.BuZ
map: TwistedMeadows
- players: 5
- length: 21:10
- speed: Fast
- version: 1.26 W3XP
- replay type: Public
» download(145 KB)
Players
team 1 (winner)
Starshaped (
teal | 145 APM | 3073 actions | 21:09)
7 Priestess of the Moon
3 Trueshot Aura
3 Scout
1 Starfall
» actions
| Assign group hotkey | 92 | |
| Basic commands | 122 | |
| Build / train | 78 | |
| Enter build submenu | 20 | |
| Enter hero's abilities submenu | 7 | |
| Right click | 1234 | |
| Select / deselect | 566 | |
| Select group hotkey | 890 | |
| Use ability | 64 | |
3073 total
» units
| Wisp | 27 | |
| Huntress | 22 | |
| Faerie Dragon | 6 | |
| Druid of the Talon | 2 | |
| Archer | 2 | |
59 total
» upgrades
| Ultravision | 1 | |
| Strength of the Moon | 2 | |
| Moon Armor | 1 | |
| Strength of the Wild | 1 | |
5 total
» buildings
| Altar of Elders | 1 | |
| Moon Well | 6 | |
| Hunter's Hall | 1 | |
| Ancient of War | 3 | |
| Tree of Life | 1 | |
| Tree of Ages | 1 | |
| Ancient of Wonders | 3 | |
| Ancient of Wind | 3 | |
19 total
» build order
00:06 Altar of Elders
00:17 Moon Well
01:41 Hunter's Hall
01:44 Ancient of War
02:09 Ancient of War
02:21 Moon Well
02:56 Moon Well
04:27 Tree of Life
06:00 Moon Well
08:07 Ancient of War
09:44 Tree of Ages
09:48 Moon Well
10:15 Ancient of Wonders
10:22 Moon Well
13:26 Ancient of Wind
13:27 Ancient of Wind
13:28 Ancient of Wind
16:48 Ancient of Wonders
16:50 Ancient of Wonders
» items
| Dust of Appearance | 1 | |
| Scroll of Healing | 1 | |
| Scroll of Protection | 1 | |
| Staff of Teleportation | 1 | |
4 total
team 2 (loser)
WoLv (
red | 221 APM | 4673 actions | 21:09)
5 Demon Hunter
2 Mana Burn
3 Evasion
3 Beastmaster
2 Summon Quilbeast
1 Summon Hawk
» actions
| Assign group hotkey | 48 | |
| Basic commands | 323 | |
| Build / train | 101 | |
| Enter build submenu | 12 | |
| Enter hero's abilities submenu | 8 | |
| Give item / drop item | 3 | |
| Remove unit from queue | 1 | |
| Right click | 2261 | |
| Select / deselect | 755 | |
| Select group hotkey | 1014 | |
| Use ability | 147 | |
4673 total
» units
| Wisp | 18 | |
| Archer | 5 | |
| Glaive Thrower | 3 | |
| Dryad | 12 | |
| Druid of the Claw | 17 | |
55 total
» upgrades
| Ultravision | 1 | |
| Druid of the Claw Training | 2 | |
| Well Spring | 1 | |
| Mark of the Claw | 1 | |
5 total
» buildings
| Altar of Elders | 1 | |
| Moon Well | 5 | |
| Ancient of War | 2 | |
| Tree of Ages | 2 | |
| Hunter's Hall | 1 | |
| Ancient of Wonders | 1 | |
| Ancient of Lore | 2 | |
| Tree of Eternity | 3 | |
17 total
» build order
00:04 Altar of Elders
00:11 Moon Well
00:13 Moon Well
00:31 Ancient of War
01:43 Moon Well
02:51 Tree of Ages
02:51 Tree of Ages
02:56 Moon Well
03:52 Hunter's Hall
04:06 Ancient of War
04:48 Ancient of Wonders
05:43 Ancient of Lore
07:52 Moon Well
08:21 Ancient of Lore
12:49 Tree of Eternity
12:49 Tree of Eternity
12:49 Tree of Eternity
» items
| Boots of Speed | 2 | |
| Staff of Preservation | 2 | |
| Lesser Clarity Potion | 4 | |
| Potion of Healing | 7 | |
| Orb of Venom | 1 | |
| Anti-magic Potion | 1 | |
| Staff of Teleportation | 3 | |
20 total
observersFrenchie-,
Virus.nECorNoX,
DkH.BuZ Chat log
(00:00 / 15) Starshaped: Your load time was 5.79 seconds.
(00:39 / Observers) Virus.nECorNoX: et voila
(00:40 / Observers) Virus.nECorNoX: gg
(00:54 / Observers) DkH.BuZ: il a pris elf?
(01:00 / Observers) Virus.nECorNoX: si il kotg c fini$
(01:11 / Observers) Virus.nECorNoX: ah ça va
(01:13 / Observers) DkH.BuZ: ah
(01:15 / Observers) Virus.nECorNoX: chat blanc
(01:24 / Observers) DkH.BuZ: il va pas lui faire 50k archers arbres mouvants
(01:27 / Observers) Virus.nECorNoX: ye
(01:39 / Observers) Frenchie-: re
(01:50 / Observers) DkH.BuZ: je lai jamais vu elf en solo
(01:52 / Observers) Frenchie-: score?
(01:53 / Observers) DkH.BuZ: qu'en 2n2
(02:07 / Observers) Virus.nECorNoX: les seules fois il a fait son kotg de merde
(02:12 / Observers) DkH.BuZ: ye
(02:19 / Observers) Frenchie-: pk de merde? xd
(03:08 / Observers) Virus.nECorNoX: cuz il fait arbres aura
(03:14 / Observers) Virus.nECorNoX: et en toute honneteté
(03:20 / Observers) Virus.nECorNoX: c pas bien
(03:28 / Observers) DkH.BuZ: c'est nul à chier
(03:30 / Observers) Frenchie-: ouais
(03:33 / Observers) Frenchie-: en solo ouais
(04:05 / Observers) Frenchie-: jcompren pk pa hu par contre
(04:08 / Observers) Frenchie-: shaped lé imba hu
(04:09 / Observers) Frenchie-: :p
(04:12 / Observers) DkH.BuZ: t'as vu cornox
(04:14 / Observers) DkH.BuZ: le chat ggc
(04:18 / Observers) DkH.BuZ: plus russe ?
(04:21 / Observers) Virus.nECorNoX: ye
(04:38 / Observers) Frenchie-: c quoi le score?
(04:47 / Observers) DkH.BuZ: les types tu les arrêtes pas
(05:02 / Observers) Frenchie-: trop stupid
(05:05 / Observers) Frenchie-: de fight les arch la
(06:23 / Observers) Frenchie-: il a scout?
(07:05 / Observers) DkH.BuZ: 1 0 passion
(07:11 / Observers) Frenchie-: vs?
(07:25 / Observers) Virus.nECorNoX: neksy
(07:28 / Observers) Frenchie-: kk
(07:31 / Observers) DkH.BuZ: je savais pas que neksy c'était humancore
(07:36 / Observers) Frenchie-: si
(07:37 / Observers) Virus.nECorNoX: c pas lui
(07:41 / Observers) Virus.nECorNoX: kurco vs humancore
(07:44 / Observers) Frenchie-: x
(07:45 / Observers) Frenchie-: d
(07:47 / Observers) DkH.BuZ: ah oui je confonds
(07:59 / Observers) Frenchie-: LOL
(08:06 / Observers) Frenchie-: -.-
(09:26 / Observers) Frenchie-: tu voi cornox je compren pa pk il a pa juste go dry
(09:29 / Observers) Frenchie-: sur sa
(09:40 / Observers) Virus.nECorNoX: c pas la solution
(09:52 / Observers) Virus.nECorNoX: il faut juste voir ce qu'a le type en tete
(09:57 / Observers) Virus.nECorNoX: si tu vois qu'il empale pas
(10:04 / Observers) Virus.nECorNoX: tu go bear et c tout
(10:08 / Observers) Frenchie-: ouais
(10:10 / Observers) Frenchie-: c klr
(10:13 / Observers) Virus.nECorNoX: si il all in vers 35 de pop
(10:16 / Observers) Virus.nECorNoX: tu beastmaster
(10:23 / Observers) Virus.nECorNoX: si il all in vers 49
(10:24 / Observers) Virus.nECorNoX: tu panda
(10:29 / Observers) Virus.nECorNoX: tu il expand
(10:33 / Observers) Virus.nECorNoX: tu fais pas de héro
(10:39 / Observers) Virus.nECorNoX: cuz il peux switch faerie
(10:58 / Observers) Virus.nECorNoX: anyway le t2 cata dry
(11:01 / Observers) Virus.nECorNoX: est trop limité
(11:07 / Observers) Virus.nECorNoX: surtout sans vorpal et 0 0
(11:09 / Observers) Frenchie-: ye
(11:16 / Observers) Frenchie-: pui c trop vuln
(11:18 / Observers) Frenchie-: les glaive
(11:19 / Observers) Virus.nECorNoX: star a juste à faire 2 groupe
(11:23 / Observers) Virus.nECorNoX: et faire comme en zerg
(11:26 / Observers) Frenchie-: ouais
(11:27 / Observers) Virus.nECorNoX: à sc2
(11:30 / Observers) Virus.nECorNoX: et il a clique
(11:35 / Observers) Frenchie-: xd
(11:39 / Observers) Virus.nECorNoX: meme en jouant commeun con
(11:41 / Observers) Virus.nECorNoX: star gagne
(11:44 / Observers) Frenchie-: ye
(11:53 / Observers) Frenchie-: mdr
(12:04 / Observers) Frenchie-: il micro meme plu :o
(12:40 / Observers) Frenchie-: ...
(13:19 / Observers) Frenchie-: pas de beast et dh 6 sa solve?
(13:32 / Observers) Virus.nECorNoX: ça a pas de sens de dire ça
(13:43 / Observers) Virus.nECorNoX: le meilleur contre à l'expo late
(13:46 / Observers) Virus.nECorNoX: c le dh alone
(13:53 / Observers) Frenchie-: ye c ske jve dire
(13:54 / Observers) Frenchie-: :)
(13:54 / Observers) Virus.nECorNoX: surtout vs tech
(14:18 / Observers) Virus.nECorNoX: le panda est bon quand il a au moins 6 7 hunt
(14:24 / Observers) Virus.nECorNoX: si il pose la 1ere tour
(14:28 / Observers) Virus.nECorNoX: vers 3 4 hunt
(14:38 / Observers) Virus.nECorNoX: le beastmaster fera plus de damage
(14:40 / Observers) Virus.nECorNoX: que le panda
(15:19 / Observers) Frenchie-: toi ds ce cas tu prefere tech fieries ou mass dry/dr ?
(15:35 / Observers) Virus.nECorNoX: je préfère faire ce que fait star
(15:41 / Observers) Frenchie-: k
(15:41 / Observers) Virus.nECorNoX: 3 aow ac le 3eme à l'expo
(15:47 / Observers) Virus.nECorNoX: mais anw je joue pas potm
(16:39 / Observers) Virus.nECorNoX: si j'étais star
(16:45 / Observers) Virus.nECorNoX: j'aurais vorpal glaive wisps
(16:58 / Observers) Virus.nECorNoX: sans panda il peut presque rien faire
(17:15 / Observers) Virus.nECorNoX: les vorpal glaive
(17:20 / Observers) Virus.nECorNoX: tuent les héros
(17:54 / Observers) Frenchie-: tt fason la
(17:58 / Observers) Frenchie-: wolv peu plu rien fair
(18:00 / Observers) Frenchie-: si ?
(18:09 / Observers) Frenchie-: xd
(18:34 / Observers) Virus.nECorNoX: star est complètement free xp
(18:36 / Observers) Virus.nECorNoX: donc ça dure
(18:39 / Observers) Frenchie-: ye
(19:28 / Observers) Virus.nECorNoX: sachant que sans panda
(19:32 / Observers) Virus.nECorNoX: potm 5 hunt t3
(19:33 / Observers) Frenchie-: et la tu voi bien pk personne aime les rus
(19:38 / Observers) Virus.nECorNoX: ça bat les bears
(19:41 / Observers) Frenchie-: ye
(19:55 / Observers) Frenchie-: ...
(20:53 / Observers) Frenchie-: 1k gold pr star
(20:54 / Observers) Frenchie-: xd
(21:09 / All) Starshaped: WoLv has left the game voluntarily.
(21:09 / All) Starshaped: Starshaped has left the game voluntarily.
(21:10 / All) Frenchie-: Virus.nECorNoX has left the game voluntarily.